 Dungeon Crawl Stone Soup version 0.29.1-2-gbd0b4ee654 (webtiles) character file.

Game seed: 10589898496132873877

504 hiiriolo the Shooter (level 6, 0/52 HPs)
             Began as a Minotaur Hunter on Nov 11, 2022.
             Was a Priest of Fedhas.
             Slain by a gnoll
             ... wielding a +0 spear
             ... led by a gnoll bouda
              (6 damage)
             ... on level 4 of the Dungeon.
             The game lasted 00:11:06 (3447 turns).

hiiriolo the Shooter (Minotaur Hunter)              Turns: 3447, Time: 00:11:06

Health: 0/52       AC:  4    Str: 16    XL:     6   Next: 96%
Magic:  5/5        EV: 13    Int:  6    God:    Fedhas [***...]
Gold:   183        SH:  0    Dex: 21    Spells: 5/5 levels left

rFire   + . .      SeeInvis .   b - +7 falchion of Tomorrow {vorpal, Fly}
rCold   + . .      Faith    .   (no shield)
rNeg    . . .      Spirit   .   c - +0 leather armour
rPois   +          Reflect  .   (helmet restricted)
rElec   +          Harm     .   e - +0 cloak
rCorr   +          Rampage  .   (no gloves)
Will    .....                   (no boots)
Stlth   ++........              (no amulet)
HPRegen 0.17/turn               h - +6 ring of dexterity
MPRegen 0.09/turn               (no ring)

@: brilliant, resistant, flying
A: horns 2, retaliatory headbutt
a: Renounce Religion, Wall of Briars, Grow Ballistomycete


You were on level 4 of the Dungeon.
You worshipped Fedhas.
Fedhas was most pleased with you.
You visited 1 branch of the dungeon, and saw 4 of its levels.

You collected 183 gold pieces.

Inventory:

Hand Weapons
 a - a +0 shortbow
 b - the +7 falchion of Tomorrow (weapon) {vorpal, Fly}
   (You found it on level 3 of the Dungeon)

   It inflicts extra damage upon your enemies.
   Fly:       It grants you flight.
 d - a +0 scythe of freezing
 i - a +3 whip of electrocution
 q - a +3 dagger
Armour
 c - a +0 leather armour (worn)
 e - a +0 cloak (worn)
Jewellery
 h - a +6 ring of dexterity (left hand)
Scrolls
 f - 4 scrolls of identify {unknown}
 g - a scroll of vulnerability {unknown}
 k - 4 scrolls of poison {unknown}
 n - 3 scrolls of teleportation {unknown}
 o - a scroll of blinking {unknown}
 p - a scroll of fog {unknown}
Potions
 l - a potion of brilliance
 m - a potion of degeneration {unknown}
 r - a potion of curing {unknown}
 s - a potion of ambrosia {unknown}


   Skills:
 + Level 4.2 Fighting
 + Level 1.8(2.4) Short Blades
 + Level 2.6(3.0) Long Blades
 + Level 1.5 Maces & Flails
 + Level 6.2 Ranged Weapons
 + Level 3.2 Armour
 + Level 3.1 Dodging
 + Level 1.6 Stealth


You had 5 spell levels left.
You didn't know any spells.
Your spell library contained the following spells:

 Spells                   Type           Power      Damage    Failure   Level
 Necrotise                Necr           0%         1d4       52%         1
 Summon Small Mammal      Summ           0%         N/A       52%         1
 Static Discharge         Conj/Air       0%         3-3/arc   65%         2
 Call Canine Familiar     Summ           0%         N/A       87%         3
 Summon Guardian Golem    Hex/Summ       0%         N/A       87%         3
 Vampiric Draining        Necr           0%         2d6       87%         3
 Dispel Undead            Necr           0%         3d6       99%         4
 Sticky Flame             Conj/Fire      0%         2d3       99%         4
 Agony                    Necr           0%         N/A       100%        5


Dungeon Overview and Level Annotations

Branches:
Dungeon (4/15)             Temple (0/1) D:4

Altars:
Cheibriados
Fedhas
Wu Jian

Shops:
D:4 *


Innate Abilities, Weirdness & Mutations

You have a pair of horns on your head.
You reflexively headbutt those who attack you in melee.


Message History

The gnoll hits you from afar with a +0 spear!
The ufetubus hits you but does no damage.
The ufetubus hits you.
You hit the ufetubus. You headbutt the ufetubus.
You kill the ufetubus!
Fedhas accepts your kill.
The gnoll hits you from afar with a +0 spear.
You hit the orc but do no damage.
The gnoll hits you from afar with a +0 spear.
The orc closely misses you. You furiously retaliate!
You headbutt the orc!
You kill the orc!
Fedhas appreciates your contribution to the ecosystem.
A gnoll comes into view. It is wielding a +0 club.
The gnoll bouda shouts!
The gnoll misses you.
The gnoll bouda hits you with a +0 whip!
Items here: )) [ ††.
You are too injured to fight recklessly!
The gnoll bouda attacks as you move away!
The gnoll bouda hits you with a +0 whip!
* * * LOW HITPOINT WARNING * * *
The gnoll closely misses you.
You are too injured to fight recklessly!
It was a potion of brilliance.
You feel clever all of a sudden. The gnoll misses you.
The gnoll barely misses you.
The gnoll bouda hits you with a +0 whip.
* * * LOW HITPOINT WARNING * * *
The gnoll barely misses you. You furiously retaliate!
You headbutt the gnoll.
Items here: )) [ ††.
It was a potion of resistance.
You feel protected. The gnoll hits you but does no damage.
The gnoll bouda closely misses you. You furiously retaliate!
You headbutt the gnoll bouda. The gnoll hits you with a +0 club.
* * * LOW HITPOINT WARNING * * *
The gnoll attacks as you move away! The gnoll hits you with a +0 spear.
You die...
Fedhas appreciates your contribution to the ecosystem.

......#.# #...##...##
.......#.####...##.#.##
.#......#.#.........#.#.
.........#.##.....##.#.
###.## #..:.(........##'
#.....##..#.......#+##..
.......#..#.###..#...#.∩
.......#g.#.#.8.#....#..
..._..g@..#+.....#...##'
......g#...>8.>.8.......
....^..#............###.
#.....##.#..#.8.#...# #.
###.## #....#.......# #.
... ..##########.# #.
... ... ..# ## .. ###
### # #


You could see a gnoll bouda and 2 gnolls.

Vanquished Creatures
  Sigmund (D:2)
  An orc priest (D:3)
  Natasha (thrice) (D:3)
  An iguana (D:4)
  An orc wizard (D:3)
  A gnoll (D:4)
  9 adders
  An ufetubus (D:4)
  A worm (D:3)
  2 dart slugs
  3 orcs
  5 endoplasms
  3 giant cockroaches
  8 goblins
  4 hobgoblins
  4 jackals (D:1)
  6 kobolds
  6 quokkas
  15 ball pythons
  4 bats (D:2)
  4 frilled lizards
  4 rats
87 creatures vanquished.

Notes
Turn   | Place    | Note
-------+----------+-------------------------------------------
     0 | D:1      | hiiriolo the Minotaur Hunter began the quest for the Orb.
     0 | D:1      | Reached XP level 1. HP: 18/18 MP: 0/0
   136 | D:1      | Reached XP level 2. HP: 25/25 MP: 1/1
   174 | D:1      | Found a faded altar of an unknown god.
   190 | D:1      | Prayed at the altar of an unknown god.
   190 | D:1      | Became a worshipper of Fedhas Madash
   190 | D:1      | Reached * piety under Fedhas
   317 | D:1      | Reached skill level 5 in Ranged Weapons
  1184 | D:1      | Reached XP level 3. HP: 24/30 MP: 2/2
  1272 | D:2      | Reached skill level 1 in Armour
  1447 | D:2      | Noticed Sigmund
  1481 | D:2      | Killed Sigmund
  1482 | D:2      | Reached skill level 1 in Maces & Flails
  1482 | D:2      | Reached skill level 6 in Ranged Weapons
  1482 | D:2      | Reached skill level 1 in Stealth
  1482 | D:2      | Reached XP level 4. HP: 3/38 MP: 3/3
  1482 | D:2      | Reached XP level 5. HP: 4/45 MP: 4/4
  1958 | D:2      | Reached ** piety under Fedhas
  2296 | D:3      | Identified the +7 falchion of Tomorrow {vorpal, Fly}
  2312 | D:3      | Reached skill level 1 in Short Blades
  2631 | D:3      | Noticed Natasha
  2639 | D:3      | Killed Natasha
  2640 | D:3      | Reached XP level 6. HP: 49/52 MP: 5/5
  2644 | D:3      | Noticed Natasha
  2651 | D:3      | Killed Natasha
  2661 | D:3      | Noticed Natasha
  2663 | D:3      | Killed Natasha
  2784 | D:3      | Found a snail-covered altar of Cheibriados.
  2816 | D:3      | Reached skill level 1 in Long Blades
  3358 | D:4      | Reached *** piety under Fedhas
  3368 | D:4      | Found Qolot's Serpentskin Sales.
  3381 | D:4      | Found a staircase to the Ecumenical Temple.
  3434 | D:4      | Found an ornate altar of the Wu Jian Council.
  3447 | D:4      | Slain by a gnoll

Illustrated notes

Levels and vault maps discovered:
D:1:      dpeg_arrival_solitude, layout_basic,
          hellmonk_ecumenical_altar_inner_sanctum, corner_web_ring,
          minmay_pentomino_r4
D:2:      layout_basic, uniq_sigmund
D:3:      layout_basic, lemuel_round_altar, minivault_26, nrook_mini_backslash,
          minmay_snake_closets, uniq_natasha
D:4:      layout_basic, old_standard_altar, minmay_temple_entry_statues_pillars,
          guppyfry_shop_venom

Skill      XL: |  1  2  3  4  5  6 |
---------------+-------------------+-----
Ranged Weapons | 5 6 |  6.2
Armour         | 2 3 |  3.2
Fighting       | 3 4 |  4.2
Maces & Flails | 1 |  1.5
Stealth        | 1 |  1.6
Short Blades   | 1 |  1.8
Long Blades    | 2 |  2.6
Dodging        | 3 |  3.1

Action                   |  1- 3 |  4- 6 || total
-------------------------+-------+-------++-------
Melee: Whip              |     5 |       ||     5
       Dagger            |    16 |    24 ||    40
       Headbutt          |     4 |    12 ||    16
       Falchion          |       |    69 ||    69
 Fire: Shortbow          |    45 |       ||    45
  Use: Scroll            |     1 |       ||     1
       Potion            |       |     2 ||     2
 Stab: Sleeping          |     2 |     5 ||     7
Armor: Leather armour    |    16 |    23 ||    39
Dodge: Dodged            |    34 |    57 ||    91
